 Dungeon Crawl Stone Soup version 0.27-a0-1189-gb8eb6ce (webtiles) character file.

Game seed: 6995297797855989221

1047 bananamous the Chopper (level 8, -10/48 HPs)
             Began as a Gargoyle Berserker on May 22, 2021.
             Was a Priest of Trog.
             Mangled by an orc warrior
             ... wielding a +0 long sword
              (13 damage)
             ... on level 6 of the Dungeon.
             The game lasted 00:19:19 (6107 turns).

bananamous the Chopper (Gargoyle Berserker)         Turns: 6107, Time: 00:19:23

Health: -10/48     AC: 15    Str: 22    XL:     8   Next: 25%
Magic:  8/8        EV: 10    Int:  9    God:    Trog [***...]
Gold:   238        SH:  0    Dex:  9    Spells: 7/7 levels left

rFire    . . .     SeeInvis .   o - +0 battleaxe
rCold    . . .     Faith    .   (shield currently unavailable)
rNeg     + . .     Spirit   .   m - +0 scale mail
rPois    ∞         Reflect  .   n - +1 helmet
rElec    +         Harm     .   (no cloak)
rCorr    .         Rampage  .   (no gloves)
Will     ++...                  (no boots)
Stlth    ..........             (no amulet)
HPRegen  1.16/turn              (no ring)
MPRegen  0.11/turn              (no ring)

@: mighty, strong-willed, on berserk cooldown, regenerating, slowed, very slow
A: sickness immunity, AC +5, negative energy resistance 1, electricity
resistance, torment resistance 1, petrification resistance
a: Renounce Religion, Berserk, Trog's Hand


You were on level 6 of the Dungeon.
You worshipped Trog.
Trog was most pleased with you.
You visited 1 branch of the dungeon, and saw 6 of its levels.

You collected 238 gold pieces.

Inventory:

Hand Weapons
 a - a +0 hand axe
 o - a +0 battleaxe (weapon)
Armour
 b - a +0 animal skin
 g - a +0 ring mail
 m - a +0 scale mail (worn)
 n - a +1 helmet (worn)
Scrolls
 d - a scroll of immolation {unknown}
 f - 2 scrolls of teleportation {unknown}
 j - a scroll of vulnerability {unknown}
 k - 3 scrolls of acquirement
 l - 3 scrolls of identify {unknown}
Potions
 h - 2 potions of haste {unknown}
 i - a potion of brilliance {unknown}


   Skills:
 + Level 4.9 Fighting
 * Level 7.1 Axes
 + Level 5.0 Armour
 + Level 2.6 Dodging


You had 7 spell levels left.
You didn't know any spells.
Your spell library was empty.

Dungeon Overview and Level Annotations

Branches:
Dungeon (6/15)             Temple (0/1) D:5

Altars:
Dithmenos
Hepliaklqana

Shops:
D:4 (

Annotations:
D:5 2 transporters, RazingBull's ghost, novice MiFi


Innate Abilities, Weirdness & Mutations

You are immune to sickness and miasma.
Your stone body is resilient. (AC +5)
You are immune to poison.
You resist negative energy. (rN+)
You are resistant to electric shocks. (rElec)
You are resistant to unholy torment.
You are immune to petrification.


Message History

* * * LOW HITPOINT WARNING * * *
Something hits you.
* * * LOW HITPOINT WARNING * * *
The orc warrior hits you but does no damage.
You are too confused!
It was a potion of curing.
You feel better. Something hits you.
The orc warrior hits you with a +0 long sword.
* * * LOW HITPOINT WARNING * * *
Something hits you but does no damage.
The orc warrior hits you but does no damage.
Okay, then.
This is a scroll of acquirement!
Okay, then.
Your skin crawls.
You feel strong-willed. Something hits you but does no damage.
The orc warrior hits you but does no damage.
You feel better. Something hits you. The orc warrior completely misses you.
Something hits you but does no damage. The orc warrior barely misses you.
You feel better. Something hits you but does no damage.
The orc warrior hits you with a +0 long sword.
You closely miss something. You barely miss the orc warrior.
A hound comes into view.
Something hits you.
The orc warrior hits you with a +0 long sword.
Something hits you but does no damage.
The orc warrior hits you with a +0 long sword.
* * * LOW HITPOINT WARNING * * *
You hear some strange, mumbled words.
Something tries to affect you, but you resist.
The orc warrior hits you with a +0 long sword!
* * * LOW HITPOINT WARNING * * *
The hound barks!
It was a potion of might.
You feel very mighty all of a sudden. The hound bites you.
* * * LOW HITPOINT WARNING * * *
The hound completely misses you.
The orc warrior hits you with a +0 long sword!
You die...

#. #. .####..########### #.
.(..........{......
##.##.#####.##ho).##########
..:#.# ..#@#..# #......#
##..#.######.#.#..# #......#
...#.##.....#)#..# #......#
## #####.#.##.....#.#..#
#......# #.
#........#.....#.#..#
#......# #. ..###.#..#
#...#..###.....(# #.
#<#.#..#
##..#...........###.
#...#..### #..#
#######+#.z.. #####....#
###.## #.#.##.


You could see an orc warrior and a hound.

Vanquished Creatures
  An ice beast (D:5)
  2 ogres
  A bullfrog (D:6)
  2 scorpions (D:5)
  3 wights (D:6)
  A howler monkey (D:6)
  A bullfrog zombie (D:6)
  2 jellies (D:4)
  An orc priest (D:3)
  A gnoll shaman (D:4)
  2 iguanas (D:5)
  A hound skeleton (D:4)
  A howler monkey skeleton (D:5)
  11 gnolls
  5 adders
  A white imp (D:5)
  A dart slug (D:1)
  10 orcs
  6 ball pythons
  5 bats
  4 endoplasms
  4 giant cockroaches
  A goblin (D:1)
  3 hobgoblins
  8 jackals
  5 kobolds
  3 frilled lizards
  4 rats
90 creatures vanquished.

Notes
Turn   | Place    | Note
-------+----------+-------------------------------------------
     0 | D:1      | bananamous the Gargoyle Berserker began the quest for the
                  | Orb.
     0 | D:1      | Reached XP level 1. HP: 14/14 MP: 1/1
   137 | D:1      | Reached XP level 2. HP: 9/19 MP: 2/2
   402 | D:1      | Reached skill level 3 in Axes
   590 | D:1      | Reached XP level 3. HP: 24/24 MP: 3/3
   799 | D:1      | Reached ** piety under Trog
  1154 | D:2      | Found a faded altar of an unknown god.
  1390 | D:2      | Reached XP level 4. HP: 27/29 MP: 4/4
  2084 | D:3      | Reached skill level 4 in Axes
  2547 | D:3      | Reached XP level 5. HP: 33/33 MP: 5/5
  2845 | D:3      | You fall into a shaft and drop 1 floor!
  2859 | D:4      | Noticed an ogre
  2866 | D:4      | Killed an ogre
  2867 | D:4      | Reached XP level 6. HP: 38/38 MP: 6/6
  3017 | D:3      | Reached skill level 5 in Axes
  3231 | D:4      | Found a hazy altar of Hepliaklqana.
  3598 | D:4      | Reached XP level 7. HP: 44/44 MP: 7/7
  3919 | D:4      | Found Giefeg's Antique Weapon Boutique.
  4222 | D:5      | Entered Level 5 of the Dungeon
  4230 | D:5      | Found a shadowy altar of Dithmenos.
  4262 | D:5      | Reached skill level 6 in Axes
  4608 | D:5      | Found a staircase to the Ecumenical Temple.
  5246 | D:5      | Found a transporter.
  5249 | D:5      | Noticed RazingBull's ghost (novice MiFi)
  5305 | D:5      | Found a transporter.
  5756 | D:6      | Reached XP level 8. HP: 47/48 MP: 8/8
  5874 | D:6      | Reached *** piety under Trog
  5877 | D:6      | Reached skill level 7 in Axes
  6091 | D:6      | Reached skill level 5 in Armour
  6102 | D:6      | Identified 3 scrolls of acquirement
  6107 | D:6      | Mangled by an orc warrior

Illustrated notes

Levels and vault maps discovered:
D:1:      wander_arrival_lonely_grave, layout_basic, minmay_indecisive_spiral
D:2:      layout_rooms, chequers_ecumenical_altar_island, grunt_ministairs_2,
          hex_large, kennysheep_small_spiral
D:3:      layout_basic, minmay_misc_feat_ornament, uniq_ijyb
D:4:      layout_cave_pods, kennysheep_mini_moat, serial_shops, shop_statue,
          corexii_corridor_pit, minmay_misc_feat_four_crosses
D:5:      layout_rooms, amcnicky_altar_gilded, minmay_temple_entry_trees,
          gammafunk_ghost_mausoleum, lemuel_flamethrower_2
D:6:      layout_basic, grunt_temple_overflow_forces_of_nature

Skill      XL: |  1  2  3  4  5  6  7  8 |
---------------+-------------------------+-----
Axes           | 3 4 5 6 7 |  7.1
Fighting       | 4 |  4.9
Dodging        | 2 |  2.6
Armour         | 3 4 5 |  5.0

Action                   |  1- 3 |  4- 6 |  7- 9 || total
-------------------------+-------+-------+-------++-------
Melee: Hand axe          |   101 |   164 |   107 ||   372
       Battleaxe         |       |       |    27 ||    27
Invok: Berserk           |       |     4 |     4 ||     8
       Trog's Hand       |       |       |     1 ||     1
  Use: Potion            |       |       |     4 ||     4
 Stab: Sleeping          |     1 |       |       ||     1
Armor: Animal skin       |    18 |       |       ||    18
       Ring mail         |    26 |    79 |    30 ||   135
       Scale mail        |       |       |    25 ||    25
Dodge: Dodged            |    61 |   105 |    70 ||   236

Table legend: (Time is in decaauts)
 A = Elapsed time spent in this place.
 B = Non-inter-level travel time spent in this place.
 C = Inter-level travel time spent in this place.
 D = Time resting spent in this place.
 E = Time spent auto-exploring this place.
 F = Levels seen in this place.
 G = Mean time per level.
                   A        B        C        D        E       F      G
               +--------+--------+--------+--------+--------+-----+--------+
         Total |   6227 |   5826 |    401 |   1560 |   3404 |   6 | 1037.8 |
       Dungeon |   6227 |   5826 |    401 |   1560 |   3404 |   6 | 1037.8 |
               +--------+--------+--------+--------+--------+-----+--------+

Top non-repeatable levels by time:
     D:5: 1400 daAuts
     D:3: 1325 daAuts
     D:4: 1301 daAuts
     D:1: 1118 daAuts
     D:2: 651 daAuts
     D:6: 431 daAuts
